 Dungeon Crawl Stone Soup version 0.27.1-35-g4d5d836560 (webtiles) character file.

Game seed: 3588719800487708428

76441 tkbsonic5 the Fighter (level 16, -10/119 HPs)
             Began as a Djinni Fire Elementalist on Dec 29, 2022.
             Was a High Priest of Nemelex Xobeh.
             Mangled by a cyan ugly thing (16 damage)
             ... on level 15 of the Dungeon on Jan 1, 2023.
             The game lasted 02:23:59 (31711 turns).

tkbsonic5 the Fighter (Djinni Fire Elementalist)   Turns: 31711, Time: 02:24:00

Health: -10/119    AC: 10    Str:  7    XL:     16   Next: 1%
Gold:   1478       EV: 19    Int: 22    God:    Nemelex Xobeh [*****.] SH:  0 Dex: 19

rFire    + + +     SeeInvis .   W - +1 flail of Blood {flame, rC+ rN+ Dex+3 Stlth+}
rCold    x x .     Faith    +   (no shield)
rNeg     + . .     Spirit   .   u - +1 steam dragon scales
rPois    ∞         Reflect  .   a - +0 helmet
rElec    .         Harm     .   L - +0 cloak
rCorr    .         Rampage  .   (no gloves)
Will     +....                  (boots unavailable)
Stlth    +++.......             S - amulet of faith
HPRegen  0.29/turn              o - ring of fire
MPRegen  0.00/turn              x - ring of fire

@: flying, very slightly contaminated, slowed, invisible, very slow
A: sickness immunity, fire resistance 2, cold vulnerability 1, float, innate
caster, hp casting, extra vitality 1
a: Renounce Religion, Draw Escape, Draw Destruction, Draw Summoning, Draw Stack,
Triple Draw, Deal Four, Stack Five


You were on level 15 of the Dungeon.
You worshipped Nemelex Xobeh.
Nemelex Xobeh was extremely pleased with you.
You visited 2 branches of the dungeon, and saw 21 of its levels.

You collected 1478 gold pieces.

Inventory:

Hand Weapons
 i - a +1 antimagic falchion
 j - a +2 great mace
 O - the +5 arbalest "Goneirof" {freeze, +Blink rC- rCorr Int+7}
   (You found it on level 3 of the Lair of Beasts)

   Any ammunition fired from it freezes those it strikes, dealing additional
   cold damage.
   It can also slow down cold-blooded creatures.
   Int:       It affects your intelligence (+7).
   rC:        It makes you vulnerable to cold.
   +Blink:    It lets you blink.
   rCorr:     It protects you from acid and corrosion.
 P - a +6 vorpal hunting sling
 W - the +1 flail of Blood (weapon) {flame, rC+ rN+ Dex+3 Stlth+}
   (You found it on level 13 of the Dungeon)

   It burns those it strikes, dealing additional fire damage.
   Dex:       It affects your dexterity (+3).
   rC:        It protects you from cold.
   rN:        It protects you from negative energy.
   Stlth:     It makes you more stealthy.
 Y - a +3 dire flail
Missiles
 w - 10 javelins
 z - 45 poisoned darts
 B - 98 sling bullets
 I - a throwing net
Armour
 a - a +0 helmet (worn)
 s - a +2 robe of cold resistance
 u - +1 steam dragon scales (worn)
 C - a +2 ring mail of cold resistance
 J - the +2 scale mail of Leaves {Will- Regen+ rCorr Dex+7}
   (You found it on level 11 of the Dungeon)

   Dex:       It affects your dexterity (+7).
   Regen:     It increases your rate of health regeneration.
   rCorr:     It protects you from acid and corrosion.
   Will:      It decreases your willpower.
 L - a +0 cloak (worn)
Magical Staves
 b - a staff of fire
 v - a staff of air
 D - a staff of cold
 E - a staff of earth
 F - a staff of death
Jewellery
 d - a ring of wizardry
 m - a +4 ring of slaying
 o - a ring of fire (left hand)
 p - a ring of protection from fire
 r - a ring of see invisible
 x - a ring of fire (right hand)
 y - a ring of protection from fire
 H - a ring of wizardry
 K - a +6 ring of intelligence
 M - a ring of protection from fire
 S - an amulet of faith (around neck)
 V - a ring of positive energy
Wands
 c - a wand of mindburst (7)
 h - a wand of polymorph (29)
 q - a wand of iceblast (11)
 N - a wand of paralysis (5)
 R - a wand of acid (16)
 X - a wand of charming (2)
 Z - a wand of digging (4)
Scrolls
 g - 3 scrolls of fog
 l - 9 scrolls of teleportation
 t - 10 scrolls of identify
Potions
 e - a potion of resistance
 f - 5 potions of brilliance
 A - a potion of heal wounds
 G - a potion of might
 Q - 5 potions of flight
 T - 3 potions of curing
Miscellaneous
 k - a condenser vane
 n - a phantom mirror
 U - a phial of floods


   Skills:
 * Level 12.3 Fighting
 - Level 1.4(4.2) Maces & Flails
 - Level 6.9(7.0) Staves
 - Level 3.3 Crossbows
 + Level 7.4 Armour
 * Level 10.4 Dodging
 + Level 2.7 Stealth
 * Level 10.3 Spellcasting
 * Level 11.4 Invocations
 * Level 8.8 Evocations


You couldn't memorise any spells.
You knew the following spells:

 Your Spells              Type           Power      Damage    Failure   Level
a - Foxfire               Conj/Fire      100%       2x1d9     1%          1
b - Conjure Flame         Conj/Fire      91%        6-21      1%          3
c - Inner Flame           Hex/Fire       91%        N/A       1%          3
d - Sticky Flame          Conj/Fire      91%        2d10      1%          4
e - Fireball              Conj/Fire      45%        3d18      2%          5
f - Shock                 Conj/Air       100%       1d9       1%          1
g - Blink                 Tloc           N/A        N/A       1%          2
h - Call Imp              Summ           54%        N/A       1%          2
i - Lesser Beckoning      Tloc           27%        N/A       1%          3
j - Airstrike             Air            27%        N/A       1%          4
k - Freezing Cloud        Conj/Ice/Air   27%        6-21      2%          5
l - Invisibility          Hex            27%        N/A       13%         6
Your spell library was empty.

Dungeon Overview and Level Annotations

Branches:
Dungeon (14/15)            Temple (0/1) D:7            Lair (6/6) D:10
  Swamp (0/4) Lair:3       Spider (0/4) Lair:3        Slime (0/5) Lair:6
    Orc (0/2) D:9          Vaults (0/5) D:13

Altars:
Ashenzari
Elyvilon
Kikubaaqudgha
Makhleb
Nemelex Xobeh
Qazlal
Sif Muna
Trog
Uskayaw
Wu Jian
The Shining One
Jiyva

Shops:
D:7 (

Portals:
Trove: D:11 (give +6 demon trident)

Annotations:
D:4 3 runed translucent doors, croobank's ghost, amateur DsFE
D:9 5 runed translucent doors


Innate Abilities, Weirdness & Mutations

You are immune to sickness and miasma.
You are immune to poison.
Your flesh is very heat resistant. (rF++)
You are vulnerable to cold. (rC-)
You float through the air rather than walking.
You learn spells naturally, not from books.
Your magical power is your life essence.
You have superior vitality. (+4 HP)


Message History

The fireball engulfs the orb spider!!
The orb spider is heavily wounded.
Casting: Fireball (dangerous; 2% risk of failure)
Confirm with . or Enter, or press ? or * to list all spells.
Okay, then.
Casting: Fireball (dangerous; 2% risk of failure)
Confirm with . or Enter, or press ? or * to list all spells.
You miscast Invisibility.
You are very lightly contaminated with residual magic.
You feel a strange surge of energy.
You feel yourself slow down.
The orb spider is engulfed in a cloud of scalding steam.
Casting: Invisibility (dangerous; 13% risk of failure)
Confirm with . or Enter, or press ? or * to list all spells.
You fade into invisibility!
The orb spider is engulfed in a cloud of scalding steam.
The orb spider spins a strand of pure energy.
The cyan ugly thing is engulfed in a cloud of scalding steam.
The cyan ugly thing barely misses you.
The cyan ugly thing is engulfed in a cloud of scalding steam.
Casting: Invisibility (dangerous; 13% risk of failure)
Confirm with . or Enter, or press ? or * to list all spells.
Aiming: Sticky Flame (mildly dangerous; 1% risk of failure)
Press: ? - help, Shift-Dir - straight line, f - cyan ugly thing, p - orb spider
Aim: a cyan ugly thing (lightly wounded, 100% to hit)
You feel a strong surge of power!
The sticky flame hits the cyan ugly thing.
The cyan ugly thing is lightly wounded.
The cyan ugly thing is covered in liquid flames!
The cyan ugly thing burns! x2
The orb spider weaves a glowing orb of energy.
The cyan ugly thing gores you but does no damage.
The cyan ugly thing gores you! The cyan ugly thing shocks you!
An orb of destruction comes into view.
The cyan ugly thing burns!
The orb of destruction hits you!!!
* * * LOW HITPOINT WARNING * * *
The cyan ugly thing gores you.
* * * LOW HITPOINT WARNING * * *
The cyan ugly thing shocks you!
You die...
Your body glows slightly and disappears.

...........≈≈≈≈≈≈≈≈≈≈≈≈≈≈≈
..........................
...........≈≈≈≈≈≈≈≈≈≈≈≈.≈
.##.≈≈≈≈.≈≈.≈≈≈≈≈≈≈≈≈≈≈≈.≈
..........≈.≈≈≈≈≈≈≈≈≈≈≈≈.≈
.○#≈≈≈≈.≈≈≈.≈≈≈≈≈≈≈≈≈≈≈≈.≈
.○.§......≈.≈≈≈≈≈≈≈≈≈≈)≈.≈
........u.≈..............≈
###≈≈≈○su@≈..≈≈≈≈≈≈≈≈≈≈≈†≈
..........≈..≈≈≈≈≈≈≈≈≈≈≈≈≈
###≈≈≈≈.≈≈≈..≈≈≈≈≈≈≈≈≈≈≈≈≈
..≈≈≈≈.≈≈≈..≈≈≈≈≈≈≈≈≈≈≈≈≈
##.≈E≈≈.≈≈≈...≈≈≈≈≈≈≈≈≈≈≈≈
#.≈≈≈≈.≈≈≈...≈≈≈≈≈≈≈≈≈≈≈≈
#.≈≈≈≈...≈...≈≈≈≈≈≈≈≈≈≈≈≈
#.≈≈≈≈.≈.≈..≈≈≈≈ ≈≈≈≈≈≈≈≈


You could see 2 ugly things, an orb spider and a water elemental (wandering).

Vanquished Creatures
  The ghost of Luuwnalu the Nimble, a journeyman KoHu of Okawaru (Lair:3)
  The ghost of Ixoagrun the Bludgeoner, a journeyman MiFi of Okawaru (Lair:3)
  4 boulder beetles
  Fannar (Lair:3)
  9 hydras
  A centaur warrior (D:14)
  A rakshasa (D:13)
  3 two-headed ogres
  3 catoblepae (Lair:6)
  13 death yaks
  3 tengu warriors
  Urug (D:10)
  Sonja (Lair:6)
  3 skeletal warriors (D:12)
  A deep troll (D:8)
  2 harpies
  A deep elf pyromancer (D:15)
  2 manticores (Lair:6)
  A deep elf zephyrmancer (D:13)
  7 elephants
  4 ugly things
  3 cyclopes
  6 black mambas
  10 cane toads
  A gargoyle (D:10)
  2 rime drakes
  Maggie (Lair:2)
  An efreet (D:11)
  13 komodo dragons
  A polar bear (Lair:4)
  5 trolls
  A queen bee (shapeshifter) (D:13)
  A polar bear (shapeshifter) (D:13)
  A raiju (Lair:2)
  Prince Ribbit (D:6)
  A raiju (shapeshifter) (D:14)
  5 slime creatures
  20 blink frogs
  A shadow (D:13)
  Sigmund (D:6)
  A redback (Lair:3)
  4 vampires
  4 water elementals (D:15)
  3 wraiths
  5 wyverns
  4 basilisks
  51 yaks
  A golden eye (Lair:2)
  2 steam dragons
  8 vampire mosquitoes
  2 swamp worms (Lair:3)
  Duvessa (D:5)
  12 water moccasins
  8 orc warriors
  2 ogres (D:4)
  A sky beast (D:8)
  3 black bears
  A necrophage (D:4)
  18 wolves
  A tengu (Lair:1)
  A phantom (D:6)
  14 centaurs
  A kobold brigand (D:8)
  10 bullfrogs
  2 gnoll sergeants
  2 scorpions
  A wyvern skeleton (D:7)
  3 wights (D:8)
  3 howler monkeys
  12 electric eels
  A lava snake (D:7)
  2 centaur zombies
  2 bullfrog zombies
  A hound (D:4)
  A jelly (D:6)
  A centaur skeleton (D:5)
  7 orc priests
  A gnoll shaman (D:7)
  3 iguanas
  8 orc wizards
  A killer bee zombie (D:6)
  3 hound skeletons
  A howler monkey zombie (D:11)
  Robin (D:2)
  12 gnolls
  2 adders
  2 white imps
  2 worms
  A dart slug (D:3)
  28 orcs
  7 endoplasms
  3 giant cockroaches
  13 goblins
  11 hobgoblins
  A jackal (D:2)
  6 quokkas
  4 ball pythons
  7 bats
  6 frilled lizards
  16 kobolds
  8 rats
481 creatures vanquished.

Vanquished Creatures (collateral kills)
  The ghost of Caurch the Cleaver, a journeyman MiBe of Trog (Lair:3)
  Harold (D:9)
  A hydra (Lair:4)
  A death yak (Lair:6)
  A kobold demonologist (D:14)
  2 komodo dragons
  A wraith (D:9)
  2 vampire mosquitoes (D:14)
  An acid dragon (D:14)
  A water moccasin (D:7)
  A hornet zombie (D:8)
  An ice beast (D:5)
  An ogre (D:6)
  A black bear (D:8)
  Dowan (D:5)
  An electric eel (D:6)
  A jelly (D:5)
  3 iguanas
  A howler monkey zombie (D:6)
  An adder (D:5)
  A shadow imp (D:8)
  An orc (D:11)
  2 foxfires
28 creatures vanquished.

Vanquished Creatures (others)
  A wizard (D:13)
  An unseen horror (D:11)
  A hobgoblin (D:1)
  A bush (Lair:6)
  440 foxfires
  75 fungi
  68 plants
587 creatures vanquished.

Grand Total: 1096 creatures vanquished

Notes
Turn   | Place    | Note
-------+----------+-------------------------------------------
     0 | D:1      | tkbsonic5 the Djinni Fire Elementalist began the quest for
                  | the Orb.
     0 | D:1      | Reached XP level 1. HP: 15/15 MP: 0/0
   243 | D:1      | Found a faded altar of an unknown god.
   275 | D:1      | Became a worshipper of Nemelex Xobeh the Trickster
   275 | D:1      | Reached * piety under Nemelex Xobeh
   275 | D:1      | Received a gift from Nemelex Xobeh
   296 | D:1      | Reached XP level 2. HP: 9/21 MP: 0/0
  1034 | D:1      | Reached XP level 3. HP: 23/26 MP: 0/0
  1034 | D:1      | Learned a level 1 spell: Shock
  1172 | D:1      | Reached skill level 1 in Invocations
  1512 | D:1      | Reached skill level 1 in Fighting
  2021 | D:2      | Reached ** piety under Nemelex Xobeh
  2604 | D:2      | Reached XP level 4. HP: 29/32 MP: 0/0
  2722 | D:2      | Noticed Robin
  2733 | D:2      | Killed Robin
  3508 | D:3      | Reached *** piety under Nemelex Xobeh
  3556 | D:3      | Reached XP level 5. HP: 37/37 MP: 0/0
  3556 | D:3      | Learned a level 2 spell: Blink
  4010 | D:3      | Received a gift from Nemelex Xobeh
  4308 | D:4      | Noticed an ogre
  4316 | D:4      | Killed an ogre
  4317 | D:4      | Reached skill level 2 in Fighting
  4317 | D:4      | Reached XP level 6. HP: 34/43 MP: 0/0
  4347 | D:4      | Noticed a black bear
  4363 | D:4      | Killed a black bear
  4749 | D:4      | Found a broken altar of Ashenzari.
  4793 | D:4      | Noticed an ogre
  4796 | D:4      | Killed an ogre
  4797 | D:4      | Reached skill level 3 in Fighting
  4797 | D:4      | Reached XP level 7. HP: 48/50 MP: 0/0
  4797 | D:4      | Learned a level 2 spell: Call Imp
  5340 | D:4      | Found a burning altar of Makhleb.
  5505 | D:4      | Reached skill level 1 in Evocations
  5760 | D:4      | Found a runed translucent gate.
  5760 | D:4      | Found a runed translucent gate.
  5760 | D:4      | Found a runed translucent gate.
  5761 | D:4      | Received a gift from Nemelex Xobeh
  5761 | D:4      | Noticed croobank's ghost (amateur DsFE)
  5933 | D:5      | Entered Level 5 of the Dungeon
  5975 | D:5      | Found a sparkling altar of Nemelex Xobeh.
  6008 | D:5      | Identified the +1 leather armour of the Eight Seas {Contam
                  | rElec Dex+7 SInv}
  6279 | D:5      | Reached XP level 8. HP: 51/58 MP: 0/0
  6856 | D:5      | Reached skill level 4 in Fighting
  7024 | D:5      | Reached **** piety under Nemelex Xobeh
  7058 | D:5      | Noticed Duvessa
  7061 | D:5      | Noticed Dowan
  7064 | D:5      | Killed Duvessa
  7066 | D:5      | Killed Dowan
  7268 | D:6      | Reached skill level 5 in Invocations
  7764 | D:6      | Reached XP level 9. HP: 58/64 MP: 0/0
  7764 | D:6      | Learned a level 3 spell: Lesser Beckoning
  7815 | D:6      | Reached skill level 5 in Fighting
  7815 | D:6      | Reached skill level 5 in Spellcasting
  8110 | D:6      | Noticed Sigmund
  8136 | D:6      | Noticed Prince Ribbit
  8172 | D:6      | Killed Sigmund
  8556 | D:6      | Found a hide-covered altar of Uskayaw.
  8672 | D:6      | Killed Prince Ribbit
  8809 | D:7      | Reached skill level 6 in Fighting
  8809 | D:7      | Reached skill level 5 in Dodging
  8856 | D:7      | Received a gift from Nemelex Xobeh
  9046 | D:7      | Found an ornate altar of the Wu Jian Council.
  9711 | D:7      | Reached XP level 10. HP: 42/73 MP: 0/0
 10059 | D:7      | Found Wiotutuf's Weapon Boutique.
 10080 | D:7      | Found a staircase to the Ecumenical Temple.
 10239 | D:8      | Received a gift from Nemelex Xobeh
 10751 | D:8      | Noticed a two-headed ogre
 10752 | D:8      | Noticed a deep troll
 10752 | D:8      | a two-headed ogre changed into a deep troll
 10769 | D:8      | Killed a deep troll
 10770 | D:8      | Reached skill level 7 in Fighting
 11022 | D:8      | Found a stormy altar of Qazlal.
 11738 | D:8      | Found a bloodstained altar of Trog.
 11819 | D:8      | Noticed Joseph
 11831 | D:8      | Noticed Joseph
 11831 | D:8      | Joseph changed into Joseph the rime drake
 11832 | D:8      | Killed Joseph the rime drake
 12608 | D:9      | Noticed Harold
 12624 | D:9      | Killed Harold
 12625 | D:9      | Reached XP level 11. HP: 31/80 MP: 0/0
 12625 | D:9      | Learned a level 4 spell: Airstrike
 12910 | D:9      | Identified the +1 ring mail "Rustren" {Rampage}
 13111 | D:9      | Found the +9 staff of Olgreb {rPois∞}
 13121 | D:9      | Noticed a wolf spider
 13121 | D:9      | Noticed a wolf spider
 13122 | D:9      | Found a runed translucent gate.
 13122 | D:9      | Found a runed translucent gate.
 13122 | D:9      | Noticed a wolf spider
 13122 | D:9      | Noticed a wolf spider
 13123 | D:9      | Found a runed translucent door.
 13138 | D:9      | Found a runed translucent gate.
 13147 | D:9      | Found a runed translucent door.
 13277 | D:9      | Found a glowing golden altar of the Shining One.
 13593 | D:9      | Found a staircase to the Orcish Mines.
 13759 | D:10     | Entered Level 10 of the Dungeon
 13762 | D:10     | Reached skill level 8 in Fighting
 13773 | D:10     | Reached skill level 5 in Evocations
 14859 | D:10     | Found a white marble altar of Elyvilon.
 14870 | D:10     | Noticed Urug
 14873 | D:10     | Killed Urug
 14874 | D:10     | Reached skill level 1 in Armour
 15414 | D:10     | Received a gift from Nemelex Xobeh
 15444 | D:10     | Found a staircase to the Lair.
 15864 | Lair:1   | Entered Level 1 of the Lair of Beasts
 15867 | Lair:1   | Noticed a harpy
 15867 | Lair:1   | a cane toad changed into a harpy
 15867 | Lair:1   | Killed a harpy
 16542 | Lair:1   | Received a gift from Nemelex Xobeh
 16570 | Lair:1   | Noticed a seven-headed hydra
 16616 | Lair:1   | Killed a seven-headed hydra
 16617 | Lair:1   | Reached skill level 9 in Fighting
 16617 | Lair:1   | Reached XP level 12. HP: 89/89 MP: 0/0
 16647 | Lair:1   | Reached skill level 1 in Staves
 17073 | Lair:1   | Received a gift from Nemelex Xobeh
 17518 | Lair:2   | Noticed an eight-headed hydra
 17523 | Lair:2   | Killed an eight-headed hydra
 17878 | Lair:2   | Reached ***** piety under Nemelex Xobeh
 17878 | Lair:2   | Received a gift from Nemelex Xobeh
 17965 | Lair:2   | Noticed an eight-headed hydra
 17971 | Lair:2   | Killed an eight-headed hydra
 18052 | Lair:2   | Noticed Maggie
 18056 | Lair:2   | Killed Maggie
 18120 | Lair:2   | Noticed a death yak
 18123 | Lair:2   | Noticed a death yak
 18126 | Lair:2   | Noticed a death yak
 18133 | Lair:2   | Killed a death yak
 18135 | Lair:2   | Killed a death yak
 18145 | Lair:2   | Killed a death yak
 18556 | Lair:2   | Received a gift from Nemelex Xobeh
 18747 | Lair:3   | Noticed Fannar
 18750 | Lair:3   | Killed Fannar
 18751 | Lair:3   | Reached skill level 10 in Fighting
 18751 | Lair:3   | Reached XP level 13. HP: 81/96 MP: 0/0
 18751 | Lair:3   | Learned a level 5 spell: Freezing Cloud
 19485 | Lair:3   | Found a runed translucent gate.
 19485 | Lair:3   | Found a runed translucent gate.
 19485 | Lair:3   | Found a runed translucent gate.
 19490 | Lair:3   | Noticed Luuwnalu's ghost (journeyman KoHu)
 19490 | Lair:3   | Noticed Caurch's ghost (journeyman MiBe)
 19490 | Lair:3   | Noticed Ixoagrun's ghost (journeyman MiFi)
 19521 | Lair:3   | Killed Ixoagrun's ghost
 19522 | Lair:3   | Reached skill level 10 in Invocations
 19765 | Lair:3   | Noticed a four-headed hydra
 19772 | Lair:3   | Killed a four-headed hydra
 19823 | Lair:3   | Killed Luuwnalu's ghost
 19907 | Lair:3   | Noticed a seven-headed hydra
 19911 | Lair:3   | Reached skill level 5 in Armour
 19915 | Lair:3   | Killed a seven-headed hydra
 20314 | Lair:3   | Found a hole to the Spider Nest.
 20427 | Lair:3   | Received a gift from Nemelex Xobeh
 20609 | Lair:3   | Found a staircase to the Swamp.
 20705 | Lair:3   | Identified the +5 arbalest "Goneirof" {freeze, +Blink rC-
                  | rCorr Int+7}
 20978 | Lair:3   | Killed Caurch's ghost
 21262 | Lair:4   | Reached skill level 1 in Crossbows
 21270 | Lair:4   | Reached XP level 14. HP: 61/103 MP: 0/0
 22110 | Lair:4   | Reached skill level 11 in Fighting
 23057 | Lair:5   | Received a gift from Nemelex Xobeh
 23407 | Lair:5   | Reached skill level 5 in Staves
 23653 | Lair:5   | Received a gift from Nemelex Xobeh
 24149 | Lair:6   | Entered Level 6 of the Lair of Beasts
 24252 | Lair:6   | Noticed Sonja
 24257 | Lair:6   | Killed Sonja
 24843 | Lair:6   | Received a gift from Nemelex Xobeh
 25161 | Lair:6   | Found a viscous altar of Jiyva.
 25161 | Lair:6   | Found a staircase to the Slime Pits.
 25164 | Lair:6   | Received a gift from Nemelex Xobeh
 25249 | Lair:6   | Reached XP level 15. HP: 90/111 MP: 0/0
 25249 | Lair:6   | Learned a level 6 spell: Invisibility
 26636 | D:11     | Found a portal to a secret trove of treasure.
 26834 | D:11     | Reached skill level 10 in Spellcasting
 27262 | D:11     | Reached skill level 10 in Dodging
 27480 | D:11     | Received a gift from Nemelex Xobeh
 27607 | D:11     | Reached skill level 1 in Maces & Flails
 27888 | D:11     | Received a gift from Nemelex Xobeh
 27907 | D:11     | Identified the +2 scale mail of Leaves {Will- Regen+ rCorr
                  | Dex+7}
 28079 | D:11     | Reached skill level 12 in Fighting
 28880 | D:12     | Received a gift from Nemelex Xobeh
 29607 | D:12     | Received a gift from Nemelex Xobeh
 30036 | D:13     | Identified the +1 flail of Blood {flame, rC+ rN+ Dex+3
                  | Stlth+}
 30908 | D:13     | Found a gate to the Vaults.
 30966 | D:13     | Received a gift from Nemelex Xobeh
 31416 | D:14     | Received a gift from Nemelex Xobeh
 31492 | D:14     | You are sucked into a shaft and drop 1 floor!
 31492 | D:15     | Entered Level 15 of the Dungeon
 31706 | D:15     | Reached XP level 16. HP: 101/119 MP: 0/0
 31711 | D:15     | Mangled by a cyan ugly thing

Illustrated notes

Levels and vault maps discovered:
D:1:      giann_forest_graveyard, layout_loops_ring,
          dreamdust_ecumenical_altar_grove
D:2:      layout_loops_ring, basic_altar, minmay_heptomino_l4, uniq_robin
D:3:      layout_loops_corners, lemuel_tele_altar, fountainhead
D:4:      minmay_door_path, layout_loops_ring, evilmike_ruin_ashenzari,
          makhleb_blood_cavern_becter, gammafunk_ghost_nasty_kobolds,
          nicolae_ossuary_entry_monument, minmay_strange_pillars, st_stairs_10
D:5:      layout_gridville, mainiacjoe_overflow_boulevard, uniq_duvessa
D:6:      layout_rooms, nicolae_uskayaw_suspiria, chequers_big_river,
          uniq_sigmund, uniq_prince_ribbit1
D:7:      layout_loops_ring, mainiacjoe_overflow_small_starburst,
          minmay_temple_entry_trees, nicolae_inconvenience_store
D:8:      layout_loops_ring, trog_ov_bears_minmay, grunt_qazlal_sundering,
          uniq_joseph, uniq_harold
D:9:      layout_roguey, mainiacjoe_overflow_catwalk, erik_orc_2,
          minmay_guarded_unrand_staff_of_olgreb
D:10:     layout_basic, mainiacjoe_overflow_six_doors_small,
          david_lair_shrubbed, kennysheep_generic_room_7, uniq_urug
D:11:     minmay_wavy_crystal, layout_basic, enter_trove_0, minmay_checkerbox
D:12:     layout_small_grid, minmay_misc_feat_nine_boxes
D:13:     layout_irregular_city, david_vaults_1, kiku_gazebo_garden_becter
D:14:     layout_rooms, grunt_decor_arrowhead
D:15:     gammafunk_enter_depths_forms, layout_basic
Lair:1:   layout_chaotic_city, st_stairs_13, minivault_24
Lair:2:   layout_regular_city, uniq_maggie
Lair:3:   layout_gridlike, palyth_hydra_swamp_entry, spider_nest_entry_webs,
          gammafunk_ghost_cemetery, beast_lair_carwin_5, uniq_fannar
Lair:4:   layout_small_grid
Lair:5:   layout_hall_layers, serial_bayou_shore_b, grunt_megastairs_4
Lair:6:   evilmike_catoblepas_cave, layout_loops_ring, slime_altar_1,
          chequers_serial_rivers_room_a, minmay_stone_trees_medium, uniq_sonja

Skill      XL: |  1  2  3  4  5  6  7  8  9 10 11 12 13 14 15 |
---------------+----------------------------------------------+-----
Invocations    | 1 2 3 4 5 6 8 9 10 11 | 11.4
Spellcasting   | 3 4 5 6 7 8 9 10 | 10.3
Fighting       | 1 2 3 4 6 7 9 10 11 12 | 12.3
Dodging        | 3 4 5 6 7 8 9 10 | 10.4
Evocations     | 1 2 3 4 5 6 7 8 |  8.8
Armour         | 2 3 5 6 7 |  7.4
Staves         | 3 4 6 |  6.9
Crossbows      | 1 2 3 |  3.3
Maces & Flails | 1 |  1.4
Stealth        | 2 |  2.7

Action                   |  1- 3 |  4- 6 |  7- 9 | 10-12 | 13-15 | 16-18 || total
-------------------------+-------+-------+-------+-------+-------+-------++-------
Melee: Staff             |     1 |       |     3 |    10 |    20 |       ||    34
       Dagger            |       |     4 |       |       |       |       ||     4
       Great mace        |       |       |       |       |    13 |       ||    13
       Falchion          |       |       |       |       |     2 |       ||     2
       Flail             |       |       |       |       |     1 |       ||     1
 Fire: Hunting sling     |       |       |       |       |     4 |       ||     4
 Cast: Foxfire           |    99 |    73 |    76 |    22 |    42 |       ||   312
       Shock             |     7 |       |     7 |     2 |     3 |       ||    19
       Conjure Flame     |       |     2 |     5 |       |     2 |       ||     9
       Inner Flame       |       |     1 |     2 |     2 |    17 |       ||    22
       Sticky Flame      |       |     3 |    23 |    13 |    28 |     1 ||    68
       Blink             |       |     1 |     8 |    10 |    26 |       ||    45
       Call Imp          |       |       |    37 |     8 |    26 |       ||    71
       Fireball          |       |       |    26 |   132 |   244 |     1 ||   403
       Airstrike         |       |       |       |     4 |    47 |       ||    51
       Freezing Cloud    |       |       |       |       |    11 |       ||    11
       Invisibility      |       |       |       |       |    15 |     1 ||    16
Invok: Draw Destruction  |     1 |     2 |     8 |    11 |    12 |       ||    34
       Draw Escape       |       |       |     4 |     7 |    12 |       ||    23
       Draw Summoning    |       |       |     3 |     5 |     3 |       ||    11
       Deal Four         |       |       |     1 |     4 |     6 |       ||    11
       Draw Stack        |       |       |       |     4 |     5 |       ||     9
       Stack Five        |       |       |       |     1 |     1 |       ||     2
Evoke: Wand              |       |       |     2 |     9 |     2 |       ||    13
       Phantom mirror    |       |       |       |       |     1 |       ||     1
  Use: Scroll            |     2 |     8 |    10 |     9 |     8 |       ||    37
       Potion            |       |     2 |     3 |    16 |     2 |       ||    23
 Stab: Distracted        |       |       |       |     1 |       |       ||     1
       Invisible         |       |       |       |       |     3 |       ||     3
Armor: Robe              |    10 |     1 |     4 |       |       |       ||    15
       Steam dragon scal |       |       |     3 |     9 |    30 |     1 ||    43
       Skin              |       |       |       |    17 |       |       ||    17
Dodge: Dodged            |    11 |    10 |    16 |    28 |   113 |     1 ||   179
